 Dungeon Crawl Stone Soup version 0.29.1-2-gbd0b4ee654 (webtiles) character file.

Game seed: 8439099734809465315

263 McKennaii the Conjurer (level 5, -2/34 HPs)
             Began as a Demigod Conjurer on Nov 19, 2022.
             Succumbed to Edmund's poison
             ... on level 4 of the Dungeon.
             The game lasted 00:03:54 (4708 turns).

McKennaii the Conjurer (Demigod Conjurer)           Turns: 4708, Time: 00:03:55

Health: -2/34      AC:  6    Str: 11    XL:     5   Next: 65%
Magic:  3/12       EV: 12    Int: 27    God:
Gold:   237        SH:  0    Dex: 10    Spells: 3/10 levels left

rFire   . . .      SeeInvis .   i - +3 war axe (drain)
rCold   . . .      Faith    .   (no shield)
rNeg    . . .      Spirit   .   a - +0 robe
rPois   .          Reflect  .   r - +0 helmet
rElec   .          Harm     .   d - +0 cloak
rCorr   .          Rampage  .   (no gloves)
Will    .....                   (no boots)
Stlth   ++........              (no amulet)
HPRegen 0.11/turn               t - ring of wizardry
MPRegen 0.13/turn               (no ring)

@: lethally poisoned (-2 -> -21), flying, hasted, very quick
A: high MP 1, forlorn, divine attributes, iridescent scales 1, clever 1, frail
1, strong 1
a: no special abilities


You were on level 4 of the Dungeon.
You visited 1 branch of the dungeon, and saw 4 of its levels.

You collected 237 gold pieces.

Inventory:

Hand Weapons
 i - a +3 war axe of draining (weapon)
Armour
 a - a +0 robe (worn)
 d - a +0 cloak (worn)
 r - a +0 helmet (worn)
Magical Staves
 j - a staff of cold
Jewellery
 t - a ring of wizardry (left hand)
Scrolls
 c - a scroll of poison {unknown}
 e - 2 scrolls of fear {unknown}
 f - 5 scrolls of identify {unknown}
 g - 2 scrolls of torment {unknown}
 k - a scroll of immolation {unknown}
 l - 2 scrolls of teleportation {unknown}
 m - a scroll of vulnerability {unknown}
 q - a scroll of enchant weapon {unknown}
 s - a scroll of magic mapping {unknown}
Potions
 b - 2 potions of magic
 h - a potion of flight
 n - a potion of mutation
 p - a potion of ambrosia {unknown}


   Skills:
 + Level 3.2 Dodging
 + Level 3.4 Stealth
 + Level 3.0 Spellcasting
 + Level 4.5 Conjurations


You had 3 spell levels left.
You knew the following spells:

 Your Spells              Type           Power      Damage    Failure   Level
a - Magic Dart            Conj           100%       1d8       1%          1
b - Searing Ray           Conj           56%        2d6       1%          2
c - Iskenderun's Mystic   Conj/Tloc      16%        2d5       14%         4

Your spell library contained the following spells:

 Spells                   Type           Power      Damage    Failure   Level
 Dazzling Flash           Conj/Hex       32%        N/A       4%          3
 Fulminant Prism          Conj/Hex       8%         3d7       14%         4
 Summon Forest            Summ/Tloc      2%         N/A       65%         5
 Eringya's Noxious Bog    Tmut/Pois      2%         N/A       99%         6
 Summon Hydra             Summ           2%         N/A       100%        7


Dungeon Overview and Level Annotations

Branches:
Dungeon (4/15)
 Temple: D:4-7

Annotations:
D:4 Edmund


Innate Abilities, Weirdness & Mutations

You have an increased reservoir of magic. (+10% MP)
You shall have no god before yourself.
Your divine heritage dramatically boosts your attributes as you level up.
You are partially covered in iridescent scales. (AC +2)
Your mind is acute. (Int +4, Str/Dex -1)
You are frail. (-10% HP)
Your muscles are strong. (Str +4, Int/Dex -1)


Message History

Press: ? - help, Shift-Dir - straight line, f/p - Edmund
Aim: Edmund, wielding a +1 flail of venom and wearing a +1 leather armour of poison resistance (moderately wounded, 79% to hit)
The searing ray hits Edmund.
Edmund is moderately wounded. (Press . to maintain the ray.) Edmund hits you with a +1 flail of venom.
You are poisoned.
The searing ray hits Edmund.
Edmund is heavily wounded.
You feel very sick. Edmund barely misses you.
Unknown command.
The searing ray hits Edmund.
Edmund is heavily wounded.
You feel very sick.
Edmund hits you with a +1 flail of venom.
You are more poisoned.
Unknown command.
The searing ray hits Edmund.
Edmund is severely wounded.
You finish channelling your searing ray.
You feel very sick.
Edmund hits you with a +1 flail of venom!
You are lethally poisoned!
Unknown command.
It was a potion of flight.
You feel very buoyant.
You fly up into the air.
* * * LOW HITPOINT WARNING * * *
You feel extremely sick.
Edmund hits you with a +1 flail of venom.
* * * LOW HITPOINT WARNING * * *
It was a potion of mutation.
You feel extremely strange.
Iridescent scales grow over part of your body.
You feel clever.
You feel frail.
You feel stronger.
* * * LOW HITPOINT WARNING * * *
You feel very sick. Edmund misses you.
It was a potion of haste.
You feel yourself speed up.
You die...

##.##.####.####....
##.##..# #... ..........
...###'###.#####........
#####...##..# #........
####.....##.# #........
..#..#.#..#.# ##.....$..
..+....[..+.# #.........
..#..#.#..#.###.........
#.##.....##.....@@......
..))##..)#......###.....
...###+##)..)...# ...
...###....)<#.#.# .
.....##.....#.#........
.....###....#.######.##
.....###....#.#
...####.....#.##########
...##.........##.......#


You could see Edmund.

Vanquished Creatures
  2 hounds (D:4)
  An orc wizard (D:4)
  Robin (D:4)
  4 gnolls (D:4)
  An adder (D:4)
  An ufetubus (D:4)
  2 worms
  2 dart slugs (D:3)
  4 orcs (D:4)
  8 ball pythons
  3 bats
  4 endoplasms
  4 giant cockroaches
  21 goblins
  17 hobgoblins
  6 jackals
  6 quokkas
  A frilled lizard (D:2)
  2 kobolds (D:1)
  6 rats
96 creatures vanquished.

Notes
Turn   | Place    | Note
-------+----------+-------------------------------------------
     0 | D:1      | McKennaii the Demigod Conjurer began the quest for the Orb.
     0 | D:1      | Reached XP level 1. HP: 14/14 MP: 5/5
   385 | D:1      | Reached XP level 2. HP: 7/20 MP: 0/7
  1329 | D:1      | Reached XP level 3. HP: 26/26 MP: 3/8
  1545 | D:1      | Learned a level 2 spell: Searing Ray
  2053 | D:2      | Reached skill level 4 in Conjurations
  3168 | D:4      | Reached XP level 4. HP: 33/33 MP: 2/10
  3332 | D:4      | Noticed Robin
  3715 | D:4      | Killed Robin
  3943 | D:4      | Reached XP level 5. HP: 24/38 MP: 10/12
  4574 | D:4      | Learned a level 4 spell: Iskenderun's Mystic Blast
  4696 | D:4      | Noticed Edmund
  4707 | D:4      | Gained mutation: You are partially covered in iridescent
                  | scales. (AC +2) [potion of mutation]
  4707 | D:4      | Gained mutation: Your mind is acute. (Int +4, Str/Dex -1)
                  | [potion of mutation]
  4707 | D:4      | Gained mutation: You are frail. (-10% HP) [potion of
                  | mutation]
  4707 | D:4      | Gained mutation: Your muscles are strong. (Str +4, Int/Dex
                  | -1) [potion of mutation]
  4708 | D:4      | Succumbed to Edmund's poison

Illustrated notes

Levels and vault maps discovered:
D:1:      dpeg_arrival_shrine, layout_rooms
D:2:      cheibrodos_greedy_goblins, layout_basic,
          dreamdust_ecumenical_altar_statues
D:3:      layout_loops_ring, nicolae_overflow_hallway_of_the_gods,
          hangedman_abyss_or_decor_stabs, nrook_campfire
D:4:      layout_loops_cross, overflow_temple_1_default, fedhas_altar_1,
          mainiacjoe_overflow_cross_hatched,
          nicolae_uskayaw_murder_on_the_dancefloor, kennysheep_small_circle,
          uniq_robin, uniq_edmund

Skill      XL: |  1  2  3  4  5 |
---------------+----------------+-----
Stealth        | 2 3 |  3.4
Dodging        | 2 3 |  3.2
Spellcasting   | 2 3 |  3.0
Conjurations   | 4 |  4.5

Action                   |  1- 3 |  4- 6 || total
-------------------------+-------+-------++-------
Melee: Unarmed           |    24 |     1 ||    25
       War axe           |       |     3 ||     3
 Cast: Magic Dart        |   125 |    63 ||   188
       Searing Ray       |     2 |    11 ||    13
  Use: Potion            |       |     3 ||     3
Armor: Robe              |    19 |     7 ||    26
Dodge: Dodged            |    50 |    29 ||    79
